Map: Catalyst LE

Players

JohnSnow - Winner!

  • Race: Terran Terran
  • Spawn Location: 11:00

A.I. 1 (Hard)

  • Race: Zerg Zerg
  • Spawn Location: 5:00

VOD

Have the link to the VOD?

Description

Time

  • Played on: Jan. 13, 2018, 10:34 p.m.
  • Length: 13:17
Show
View Real Time Build Order
Export as new Build Order

JohnSnow Terran - Winner!

Build Orders: Reaper Expand 

Get SALT Encoding   

  12  0:01  SCV  
  13  0:13  SCV  
  14  0:19  Supply Depot  
  14  0:25  SCV  
  15  0:40  SCV  
  16  0:45  Barracks  
  16  0:53  SCV, Refinery  
  17  1:05  SCV  
  18  1:17  SCV  
  19  1:37  Orbital Command  
  19  1:39  Reaper  
  20  1:45  Command Center  
  20  1:59  Barracks  
  20  2:03  SCV  
  21  2:21  Refinery, Barracks Reactor  
  21  2:26  SCV  
  22  2:50  Barracks Tech Lab  
  22  3:08  Marine  
  22  3:09  Marine  
  23  3:14  Supply Depot  
  23  3:15  Orbital Command  
  23  3:23  SCV  
  23  3:25  Marine  
  23  3:26  Marine x2  
  27  3:35  SCV  
  27  3:38  Supply Depot  
  28  3:43  SCV, Marine  
  28  3:47  SCV  
  31  3:55  SCV  
  32  3:58  Factory  
  32  3:59  SCV  
  33  4:07  SCV, Refinery  
  34  4:17  Marine x3  
  37  4:27  SCV x2  
  39  4:34  Marine  
  39  4:35  Marine  
  41  4:39  SCV x2  
  41  4:40  Bunker  
  43  4:46  Factory Reactor  
  43  4:50  Starport  
  43  4:51  SCV  
  44  5:02  Stimpack, Marine  
  44  5:03  Marine x2  
  47  5:20  Marine x3  
  50  5:27  SCV x2  
  52  5:39  SCV x2  
  54  5:46  Engineering Bay  
  54  5:52  Factory Tech Lab  
  54  6:16  Supply Depot  
  54  6:37  Terran Infantry Weapons Level 1, Marine x3  
  54  6:38  Medivac x2, Barracks, SCV  
  62  6:44  Supply Depot  
  62  6:54  Armory  
  62  7:05  SCV x2, Marine x3  
  62  7:07  Supply Depot  
  67  7:17  SCV x2  
  67  7:18  Refinery  
  69  7:25  Marine  
  69  7:28  Siege Tank, Marine x2  
  69  7:29  SCV x2  
  77  7:30  Supply Depot  
  77  7:43  Marine  
  78  7:51  Medivac x2, Marine x2  
  78  7:52  Supply Depot  
  78  7:53  Supply Depot  
  78  7:54  SCV x2  
  78  7:57  Command Center  
  86  8:04  Barracks Reactor  
  86  8:13  SCV x2, Siege Tank, Marine  
  86  8:14  Marauder  
  86  8:15  Supply Depot  
  86  8:16  Supply Depot  
  86  8:17  Barracks  
  94  8:29  Marine  
  94  8:31  Terran Infantry Armor Level 1, Marine  
  96  8:34  Medivac  
  96  8:35  Medivac, Marauder  
  96  8:40  SCV x2  
  104  8:45  Siege Tank  
  104  8:47  Marine  
  108  8:52  SCV  
  108  8:53  SCV  
  110  8:56  Marauder  
  112  9:04  SCV  
  113  9:17  Siege Tank  
  113  9:18  Marauder  
  118  9:28  Marine x4  
  122  9:39  Marauder  
  124  9:46  Marine x4  
  128  10:00  Marine  
  125  10:46  Marine x5  
  125  10:49  Siege Tank  
  133  10:51  Medivac  
  133  10:59  Orbital Command  
  133  11:11  Supply Depot  
  133  11:17  SCV  
  133  11:19  Marine x2  
  133  11:26  Medivac  
  133  11:33  Medivac, Siege Tank, Marine, SCV x2  
  133  11:35  Supply Depot  
  141  11:56  Marine  
  141  11:57  Medivac, Supply Depot, SCV x2  
  145  12:05  Siege Tank  
  145  12:09  SCV  
  138  12:37  Siege Tank  
Show
View Real Time Build Order
Export as new Build Order

A.I. 1 (Hard) Zerg 

Build Orders: Hatch First 

Get SALT Encoding   

  12  0:01  Drone  
  13  0:12  Overlord  
  13  0:17  Drone  
  14  0:31  Drone  
  14  0:32  Drone  
  14  0:34  Drone  
  17  0:55  Hatchery, Drone  
  17  1:11  Spawning Pool  
  16  1:13  Drone  
  16  1:16  Drone  
  18  1:18  Extractor  
  18  1:21  Drone  
  18  1:29  Overlord  
  18  1:38  Drone  
  19  2:00  Zergling x4, Queen  
  23  2:02  Roach Warren  
  23  2:06  Drone  
  23  2:07  Extractor  
  22  2:11  Drone  
  23  2:22  Baneling Nest  
  23  2:25  Drone  
  23  2:28  Zergling x2  
  24  2:32  Zergling x2  
  25  2:37  Drone  
  26  2:46  Roach  
  28  2:54  Overlord  
  28  3:01  Roach  
  28  3:04  Drone  
  30  3:07  Drone  
  30  3:11  Drone  
  32  3:13  Drone  
  32  3:15  Baneling x2  
  32  3:18  Lair  
  33  3:33  Drone  
  34  3:36  Drone  
  35  3:42  Evolution Chamber  
  35  3:43  Drone  
  35  3:50  Evolution Chamber  
  35  3:51  Drone  
  35  3:56  Roach  
  35  4:01  Overlord  
  37  4:10  Roach  
  39  4:18  Hydralisk Den  
  39  4:19  Drone  
  39  4:25  Extractor  
  39  4:27  Drone  
  39  4:32  Drone, Overlord  
  40  4:39  Infestation Pit  
  39  4:46  Drone  
  39  4:48  Hydralisk  
  39  4:49  Drone  
  39  4:52  Drone  
  44  4:55  Drone  
  44  4:59  Drone  
  46  5:01  Drone  
  46  5:02  Hydralisk  
  46  5:04  Drone  
  50  5:09  Overlord  
  50  5:13  Drone  
  51  5:15  Drone  
  51  5:17  Hydralisk, Drone  
  51  5:20  Drone  
  56  5:22  Drone  
  56  5:28  Drone  
  58  5:29  Drone  
  59  5:35  Overlord  
  59  5:37  Drone  
  59  5:39  Zerg Melee Weapons Level 1  
  60  5:45  Zerg Ground Armor Level 1, Infestor, Drone  
  60  5:47  Drone  
  60  5:48  Drone  
  65  5:50  Drone  
  66  5:57  Drone  
  66  5:59  Drone  
  68  6:06  Burrow  
  68  6:08  Overlord  
  68  6:09  Drone  
  69  6:17  Drone  
  69  6:18  Roach  
  72  6:24  Extractor, Drone  
  72  6:26  Drone, Overlord  
  72  6:32  Roach  
  75  6:44  Overlord  
  75  6:46  Hydralisk, Spore Crawler, Drone  
  77  6:48  Drone  
  77  6:50  Drone  
  79  6:56  Spore Crawler  
  79  6:59  Spore Crawler  
  79  7:00  Hydralisk, Drone  
  79  7:01  Overseer, Spore Crawler  
  79  7:02  Drone  
  79  7:03  Overlord  
  79  7:06  Overseer  
  80  7:09  Queen  
  80  7:14  Hydralisk  
  84  7:16  Queen  
  84  7:20  Spine Crawler  
  84  7:22  Drone  
  86  7:23  Drone, Spine Crawler  
  86  7:28  Drone, Spine Crawler  
  86  7:29  Infestor  
  88  7:33  Zerg Missile Weapons Level 1  
  88  7:34  Spine Crawler  
  88  7:35  Drone  
  88  7:40  Spire, Drone  
  88  7:43  Infestor  
  90  7:58  Roach  
  92  8:12  Roach  
  94  9:10  Corruptor  
  94  9:11  Hive, Pneumatized Carapace, Overlord x2  
  94  9:12  Overseer  
  96  9:24  Hatchery  
  95  9:26  Corruptor  
  95  9:37  Zergling x2  
  67  9:47  Corruptor  
  67  9:49  Zerg Melee Weapons Level 2  
  66  10:04  Corruptor  
  58  10:15  Infestor  
  58  10:19  Overseer, Hatchery  
  59  10:22  Queen  
  59  10:23  Greater Spire  
  59  10:26  Overseer, Zergling x2  
  59  10:40  Drone x7  
  59  10:41  Corruptor  
  58  10:48  Drone  
  58  10:49  Drone  
  48  10:51  Drone  
  48  10:52  Drone  
  48  10:53  Zergling x2  
  48  10:54  Drone  
  48  10:55  Overseer  
  48  10:56  Drone  
  45  10:57  Drone  
  45  10:59  Drone, Overlord  
  45  11:00  Drone  
  45  11:02  Drone x3  
  39  11:13  Overseer  
  39  11:14  Overlord  
  34  11:31  Zergling x2  
  35  11:33  Overlord  
  35  11:34  Zergling x2  
  35  11:38  Roach, Drone x2  
  35  11:39  Drone  
  36  11:41  Zergling x2, Queen, Drone  
  36  11:45  Mutalisk, Drone  
  36  11:46  Drone x2  
  35  11:49  Roach, Extractor  
  35  11:52  Zergling x2, Extractor, Drone  
  33  11:56  Zergling x2, Drone  
  33  11:57  Drone  
  33  11:58  Roach Warren, Drone  
  33  12:00  Zergling x2, Drone  
  32  12:02  Overseer  
  32  12:03  Zergling x2  
  32  12:07  Zergling x2  
  31  12:13  Zergling x2  
  32  12:16  Drone  
  28  12:23  Mutalisk  
  28  12:24  Hatchery, Drone  
  28  12:26  Drone  
  28  12:27  Zergling x2  
  28  12:29  Drone x2  
  17  12:34  Overlord  
  15  12:43  Drone  
  13  12:45  Drone  
  13  12:49  Drone  
  14  12:51  Drone  
  14  12:56  Drone  
Tags
 
Add a new tag
Caveats
  • Supply blocks, unpowered buildings, or Contaminate may cause inaccurate times.
  • Supply counts are checked every 10 seconds.